 Dungeon Crawl Stone Soup version 0.28.0-62-gf88900778d (webtiles) character file.

Game seed: 16774635619506999480

17059 cbfl8 the Cleaver (level 12, -5/117 HPs)
             Began as a Minotaur Berserker on Jan 18, 2024.
             Was a High Priest of Trog.
             Succumbed to a death drake's dark miasma
             ... in a bailey.
             The game lasted 00:09:14 (8195 turns).

cbfl8 the Cleaver (Minotaur Berserker)              Turns: 8195, Time: 00:09:15

Health: -5/117     AC: 14    Str: 21 (23) XL:     12   Next: 15%
Magic:  11/11      EV: 13    Int:  3 (4)  God:    Trog [*****.]
Gold:   550        SH:  0    Dex: 17 (18) Spells: 11/11 levels left

rFire   . . .      SeeInvis .   v - +8 hand axe "Enotaaga" {flame, Dex+4}
rCold   . . .      Faith    .   (no shield)
rNeg    + . .      Spirit   .   n - +0 chain mail
rPois   .          Reflect  .   (helmet restricted)
rElec   .          Harm     .   i - +0 cloak
rCorr   .          Rampage  .   u - +0 pair of gloves
Will    .....                   (no boots)
Stlth   ..........              r - amulet of the acrobat
HPRegen 0.29/turn               x - +4 ring of evasion
MPRegen 0.12/turn               w - ring of positive energy

@: confused, mighty, lethally poisoned (-5 -> -50), ambrosia-drunk, attractive,
slowed, very slow
A: horns 2, retaliatory headbutt, robust 1
a: Renounce Religion, Berserk, Trog's Hand, Brothers in Arms


You were in a bailey.
You worshipped Trog.
Trog was extremely pleased with you.
You visited 2 branches of the dungeon, and saw 9 of its levels.
You also visited: Ossuary and Bailey.

You collected 550 gold pieces.

Inventory:

Hand Weapons
 a - a +0 hand axe of draining
 v - the +8 hand axe "Enotaaga" (weapon) {flame, Dex+4}
   (You found it on level 6 of the Dungeon)

   It burns those it strikes, dealing additional fire damage.
   Big, fiery blades are also staple armaments of hydra-hunters.
   Dex:       It affects your dexterity (+4).
 z - a +4 war axe
Armour
 i - a +0 cloak (worn)
 n - a +0 chain mail (worn)
 u - a +0 pair of gloves (worn)
Jewellery
 r - an amulet of the acrobat (around neck)
 w - a ring of positive energy (right hand)
 x - a +4 ring of evasion (left hand)
Wands
 c - a wand of polymorph (12) (quivered)
Scrolls
 g - a scroll of silence {unknown}
 j - a scroll of fear
 k - 2 scrolls of enchant armour {unknown}
 l - 2 scrolls of teleportation
 t - 2 scrolls of holy word
 y - a scroll of fog {unknown}
 A - 2 scrolls of summoning
Potions
 d - a potion of lignification
 e - 2 potions of brilliance
 m - a potion of degeneration
 o - a potion of haste
 p - a potion of attraction


   Skills:
 + Level 10.4 Fighting
 + Level 13.0(13.3) Axes
 + Level 4.4(9.5) Maces & Flails
 + Level 10.4 Armour
 - Level 2.2 Dodging
 + Level 5.9 Shields
 + Level 1.4 Unarmed Combat
 * Level 9.1 Evocations


You had 11 spell levels left.
You didn't know any spells.
Your spell library was empty.

Dungeon Overview and Level Annotations

Branches:
Dungeon (8/15)             Temple (1/1) D:7         Ossuary (visited)
 Bailey (1/1)
   Lair: D:8-11

Altars:
Cheibriados
Fedhas
Kikubaaqudgha
Makhleb
Qazlal
Ru
Trog
Uskayaw
Vehumet
Wu Jian
Yredelemnul
Zin
The Shining One

Annotations:
D:3 1 runed translucent door, OrthodoxDeviant's ghost, amateur BaAE Bailey 1 runed translucent door


Innate Abilities, Weirdness & Mutations

You have a pair of horns on your head.
You reflexively headbutt those who attack you in melee.
You are robust. (+10% HP)


Message History

You are engulfed in dark miasma.
You are more poisoned.
You feel as though you will be slow longer.
You feel extremely sick. The death drake bites you. x2
You feel better. The death drake closely misses you. The death drake bites you.
You feel much better. The death drake breathes miasma at you.
The foul vapour engulfs you.
You are poisoned.
The death drake bites you but does no damage.
You slash the death drake! You burn the death drake.
The death drake is heavily wounded.
You are engulfed in dark miasma.
You are more poisoned.
You feel extremely sick. The death drake bites you.
Unknown command.
You hit the death drake but do no damage.
Your headbutt misses the death drake.
The death drake is heavily wounded.
You are engulfed in dark miasma.
You are lethally poisoned!
* * * LOW HITPOINT WARNING * * *
You feel extremely sick. The death drake misses you. You furiously retaliate!
You headbutt the death drake!
You feel better. The death drake breathes miasma at you.
The foul vapour engulfs you!
You are poisoned.
You feel as though you will be slow longer.
* * * LOW HITPOINT WARNING * * *
The death drake bites you!
* * * LOW HITPOINT WARNING * * *
You are confused.
You feel invigorated.
You are engulfed in dark miasma.
You are more poisoned.
* * * LOW HITPOINT WARNING * * *
You die...

##.........÷(.)........
#......................
#..8..8...........(.8..
#..................)...
##......####...####....
##...)##≈o#####≈≈##...
##○.°#≈}?8...8![≈#().
♣♣..###°#≈.........≈#'##
♣...≈°°@#≈..8...8..≈#(≈≈
♣...≈°°k##.........##)[≈
∩...≈°°)#≈....∩....≈#(≈≈
♣...≈≈≈.# #.≈≈ ♣...≈≈≈.#
#.≈≈ ♣♣..###'# .. ##'##
♣.# ... .8. #.... ♣# ...
≈≈≈≈#.... ####....


You could see a death drake.

Vanquished Creatures
  A centaur warrior (D:8)
  Pikel (D:4)
  A steam dragon (D:8)
  Edmund (D:4)
  Menkaure (D:4)
  A water moccasin (D:4)
  4 ice beasts
  An orc warrior (D:8)
  A sky beast (D:6)
  3 centaurs
  2 ogres
  A wolf (Bailey)
  3 phantoms
  2 kobold brigands
  A scorpion (D:5)
  A bullfrog (D:6)
  3 water moccasin zombies (Ossuary)
  6 killer bees (D:7)
  A howler monkey (D:8)
  A bullfrog zombie (D:7)
  3 centaur zombies
  3 hounds
  2 orc priests (D:3)
  A jelly (D:6)
  A centaur skeleton (D:7)
  Terence (D:3)
  Jessica (D:3)
  Natasha (thrice) (D:3)
  3 iguanas
  An orc wizard (D:8)
  3 killer bee zombies
  2 hound skeletons (D:4)
  2 mummies (Ossuary)
  2 gnolls (Bailey)
  A howler monkey skeleton (D:7)
  7 adders
  A shadow imp (D:6)
  2 white imps
  2 ufetubi
  7 adder zombies (Ossuary)
  A worm (D:4)
  A dart slug (D:4)
  16 orcs
  A ball python (D:1)
  7 bats
  7 endoplasms
  4 giant cockroaches
  6 gnoll zombies (Ossuary)
  13 goblins
  5 hobgoblins
  2 jackals (D:3)
  25 kobolds
  A quokka (D:3)
  6 frilled lizards
  4 hobgoblin zombies (Ossuary)
  2 kobold zombies (Ossuary)
  5 orc zombies (Ossuary)
  A quokka skeleton (D:2)
  11 rats
202 creatures vanquished.

Vanquished Creatures (others)
  A fungus (D:1)
  2 plants (D:1)
  4 toadstools (D:1)
7 creatures vanquished.

Grand Total: 209 creatures vanquished

Notes
Turn   | Place    | Note
-------+----------+-------------------------------------------
     0 | D:1      | cbfl8 the Minotaur Berserker began the quest for the Orb.
     0 | D:1      | Reached XP level 1. HP: 19/19 MP: 0/0
   179 | D:1      | Found a faded altar of an unknown god.
   257 | D:1      | Reached skill level 4 in Axes
   261 | D:1      | Reached XP level 2. HP: 27/27 MP: 1/1
   977 | D:1      | Reached XP level 3. HP: 33/33 MP: 2/2
   991 | D:1      | Reached ** piety under Trog
  1820 | D:3      | Noticed Jessica
  1858 | D:3      | Reached skill level 1 in Evocations
  1875 | D:3      | Killed Jessica
  1876 | D:3      | Reached XP level 4. HP: 23/41 MP: 3/3
  2068 | D:3      | Noticed Natasha
  2077 | D:3      | Killed Natasha
  2078 | D:3      | Reached skill level 5 in Axes
  2193 | D:3      | Noticed OrthodoxDeviant's ghost (amateur BaAE)
  2193 | D:3      | Noticed an ogre
  2194 | D:3      | Found a runed translucent door.
  2240 | D:3      | Noticed Terence
  2243 | D:3      | Killed Terence
  2244 | D:3      | Reached XP level 5. HP: 47/47 MP: 4/4
  2632 | D:3      | Noticed Natasha
  2635 | D:3      | Reached *** piety under Trog
  2644 | D:3      | Killed Natasha
  2645 | D:3      | Reached skill level 5 in Fighting
  2645 | D:3      | Reached skill level 1 in Unarmed Combat
  2647 | D:3      | Reached XP level 6. HP: 55/56 MP: 5/5
  2980 | D:3      | Noticed Natasha
  2988 | D:3      | Killed Natasha
  2989 | D:3      | Reached skill level 6 in Axes
  3053 | D:4      | Found a sand-covered staircase.
  3062 | D:4      | Noticed Pikel
  3077 | Ossuary  | Entered an ossuary
  3259 | Ossuary  | Reached XP level 7. HP: 54/61 MP: 6/6
  3290 | Ossuary  | Reached **** piety under Trog
  3440 | D:4      | Noticed Edmund
  3445 | D:4      | Killed Pikel
  3446 | D:4      | Reached skill level 8 in Axes
  3455 | D:4      | Killed Edmund
  3456 | D:4      | Reached skill level 5 in Armour
  3456 | D:4      | Reached XP level 8. HP: 23/70 MP: 7/7
  3923 | D:4      | Noticed Menkaure
  3935 | D:4      | Killed Menkaure
  3936 | D:4      | Reached skill level 9 in Axes
  4410 | D:5      | Entered Level 5 of the Dungeon
  5203 | D:5      | Reached XP level 9. HP: 74/79 MP: 8/8
  5516 | D:6      | Reached skill level 10 in Axes
  5741 | D:6      | Identified the +8 hand axe "Enotaaga" {flame, Dex+4}
  6061 | D:7      | Reached skill level 5 in Evocations
  6210 | D:7      | Found a glowing golden altar of the Shining One.
  6210 | D:7      | Found a sacrificial altar of Ru.
  6376 | D:7      | Found a staircase to the Ecumenical Temple.
  6469 | Temple   | Entered the Ecumenical Temple
  6877 | D:7      | Reached skill level 11 in Axes
  7204 | D:8      | Noticed a centaur warrior
  7217 | D:8      | Killed a centaur warrior
  7224 | D:8      | Reached XP level 10. HP: 47/88 MP: 9/9
  7423 | D:8      | Reached ***** piety under Trog
  7523 | D:8      | Found a flagged portal.
  7537 | Bailey   | Entered a bailey
  7562 | Bailey   | Noticed an orc warlord
  8127 | Bailey   | Found a runed translucent gate.
  8173 | Bailey   | Noticed an orc knight
  8176 | Bailey   | Noticed a death drake
  8176 | Bailey   | an orc knight changed into a death drake
  8186 | Bailey   | Reached XP level 11. HP: 81/99 MP: 10/10
  8187 | Bailey   | Reached skill level 10 in Fighting
  8187 | Bailey   | Reached skill level 13 in Axes
  8187 | Bailey   | Reached skill level 10 in Armour
  8187 | Bailey   | Reached skill level 5 in Shields
  8187 | Bailey   | Reached XP level 12. HP: 93/107 MP: 11/11
  8189 | Bailey   | Gained mutation: You are robust. (+10% HP) [potion of
                  | mutation]
  8195 | Bailey   | HP: 4/117 [death drake] (13)]
  8195 | Bailey   | Succumbed to a death drake's dark miasma

Illustrated notes

Levels and vault maps discovered:
D:1:      ldierk_walled_garden_2, layout_basic,
          shapermc_ecumenical_altar_mp_ritualfount
D:2:      layout_basic, minivault_23, minmay_pentomino_x2
D:3:      kennysheep_big_flooded_room, layout_loops_ring,
          ebering_ghost_inner_flame, uniq_jessica, uniq_terence, uniq_natasha
D:4:      layout_loops_ring, nicolae_ossuary_entry_monument, chequers_arboretum,
          uniq_edmund, uniq_menkaure, uniq_pikel
D:5:      layout_basic, chequers_serial_rivers_marsh
D:6:      layout_rooms
D:7:      minmay_spotlight, layout_basic, amethyst_overflow_temple_binary,
          minmay_temple_entry_statues_pillars
D:8:      layout_basic, nemelex_altar_shiori, enter_bailey_3, st_stairs_12,
          minivault_1, kennysheep_decorative_pillar
Temple:   minmay_temple_curvy_loop
Bailey:   bailey_axe_bossmonster_kennysheep, bailey

Skill      XL: |  1  2  3  4  5  6  7  8  9 10 11 |
---------------+----------------------------------+-----
Axes           | 4 5 6 8 9 11 13 | 13.0
Fighting       | 4 5 6 7 8 9 10 | 10.4
Evocations     | 1 2 3 4 5 8 9 |  9.1
Armour         | 3 4 5 6 8 9 10 | 10.4
Unarmed Combat | 1 |  1.4
Maces & Flails | 4 |  4.4
Shields        | 4 5 |  5.9
Dodging        | |  2.2

Action                   |  1- 3 |  4- 6 |  7- 9 | 10-12 || total
-------------------------+-------+-------+-------+-------++-------
Melee: Hand axe          |    88 |   150 |   242 |    68 ||   548
       Headbutt          |     9 |    23 |    43 |     9 ||    84
       Unarmed           |    35 |       |       |       ||    35
       Punch             |     1 |     1 |     4 |     1 ||     7
Evoke: Wand              |       |       |     1 |     3 ||     4
  Use: Scroll            |     4 |       |     4 |       ||     8
       Potion            |     1 |       |     5 |    14 ||    20
Armor: Animal skin       |    15 |       |       |       ||    15
       Ring mail         |     7 |    25 |       |       ||    32
       Skin              |     2 |       |    19 |       ||    21
       Scale mail        |       |    28 |    29 |       ||    57
       Chain mail        |       |       |    81 |    29 ||   110
Dodge: Dodged            |    91 |    76 |    89 |    70 ||   326
